 Dungeon Crawl Stone Soup version 0.26.1-11-gd32895ea62 (webtiles) character file.

Game seed: 83894569485703619

51 H0rd4k the Charlatan (level 4, -3/32 HPs)
             Began as a Human Artificer on Apr 19, 2021.
             Slain by Natasha (6 damage)
             ... on level 2 of the Dungeon.
             The game lasted 00:02:27 (1877 turns).

H0rd4k the Charlatan (Human Artificer)              Turns: 1877, Time: 00:02:28

Health: -3/32      AC:  3    Str: 13    XL:     4   Next: 7%
Magic:  4/4        EV: 11    Int: 11    God:
Gold:   90         SH:  0    Dex: 14    Spells: 3/3 levels left

rFire    . . .     SeeInvis .   j - +0 dagger
rCold    . . .     Faith    .   (no shield)
rNeg     . . .     Spirit   .   b - +0 leather armour
rPois    .         Reflect  .   (no helmet)
rElec    .         Harm     .   (no cloak)
rCorr    +         Rampage  .   (no gloves)
Will     .....                  (no boots)
Stlth    ++........             (no amulet)
HPRegen  0.10/turn              h - ring of resist corrosion
MPRegen  0.09/turn              (no ring)

@: slowed, very slow
A: no striking features
a: no special abilities


You were on level 2 of the Dungeon.
You visited 1 branch of the dungeon, and saw 2 of its levels.

You collected 90 gold pieces.

Inventory:

Hand Weapons
 j - a +0 dagger (weapon)
 p - a +0 hunting sling of freezing
Armour
 b - a +0 leather armour (worn)
Jewellery
 h - a ring of resist corrosion (left hand)
 o - an uncursed amulet of faith {unknown}
Wands
 c - a wand of flame (6) (quivered)
 d - a wand of enslavement (12)
 e - a wand of random effects (12)
Scrolls
 a - a scroll of teleportation {unknown}
 g - 3 scrolls of identify {unknown}
 l - a scroll of remove curse {unknown}
 m - a scroll of magic mapping {unknown}
 n - a scroll of fog {unknown}
 r - a scroll of enchant weapon {unknown}
Potions
 f - a potion of brilliance {unknown}
 i - 2 potions of heal wounds {unknown}
 k - a potion of cancellation {unknown}
 q - a potion of magic {unknown}


   Skills:
 + Level 1.2 Fighting
 + Level 0.6 Short Blades
 + Level 2.5 Armour
 + Level 1.3 Dodging
 + Level 1.3 Stealth
 + Level 3.8 Evocations


You had 3 spell levels left.
You didn't know any spells.
Your spell library was empty.

Dungeon Overview and Level Annotations

Branches:
Dungeon (2/15)

Altars:
Ru

Annotations:
D:2 Natasha


Message History

Unknown command.
Aiming: Throw Flame
Press: ? - help, Shift-Dir - straight line Something claws you but does no damage.
Unknown command.
Aiming: Throw Flame
Press: ? - help, Shift-Dir - straight line Something claws you. x2
Unknown command.
Aiming: Throw Flame
Press: ? - help, Shift-Dir - straight line Something claws you.
Aiming: Throw Flame
Press: ? - help, Shift-Dir - straight line You hear some strange, mumbled words.
A magic dart appears from out of thin air!
The magic dart hits you!
* * * LOW HITPOINT WARNING * * *
Something claws you.
You die...

#.......##.##..###.#
#...........{......#
#...........#.######
#.......#.##.##.#
#.#.#.#.#.#####.#
.......#.# #.# #
#.#.###.# #.. .....
#{# ### ###.# #@# #.
#.# #...# #.#... #.
.### ## ##


There were no monsters in sight!

Vanquished Creatures
  An ooze (D:1)
  A worm (D:2)
  2 dart slugs
  2 giant cockroaches
  5 goblins
  A hobgoblin (D:1)
  8 jackals
  A quokka (D:2)
  3 bats
  A frilled lizard (D:2)
  2 kobolds
  6 rats
33 creatures vanquished.

Vanquished Creatures (collateral kills)
  A gnoll (D:2)
  A dart slug (D:2)
2 creatures vanquished.

Vanquished Creatures (others)
  A gnoll (D:2)
1 creature vanquished.

Grand Total: 36 creatures vanquished

Notes
Turn   | Place    | Note
-------+----------+-------------------------------------------
     0 | D:1      | H0rd4k the Human Artificer began the quest for the Orb.
     0 | D:1      | Reached XP level 1. HP: 15/15 MP: 1/1
    78 | D:1      | Reached XP level 2. HP: 1/21 MP: 2/2
   723 | D:1      | Reached XP level 3. HP: 17/26 MP: 3/3
  1721 | D:2      | Found a sacrificial altar of Ru.
  1738 | D:2      | Reached XP level 4. HP: 26/32 MP: 4/4
  1850 | D:2      | Noticed Natasha
  1877 | D:2      | Slain by Natasha

Illustrated notes

Levels and vault maps discovered:
D:1:      lightli_arrival_statuegarden, layout_rooms
D:2:      layout_loops_ring, chequers_temple_overflow_statue_of_worship,
          old_standard_altar, chequers_ecumenical_altar_island, uniq_natasha,
          uniq_robin

Action                   |  1- 3 |  4- 6 || total
-------------------------+-------+-------++-------
Melee: Club              |    24 |       ||    24
       Dagger            |   134 |     7 ||   141
Evoke: Wand              |     8 |     7 ||    15
Armor: Leather armour    |    47 |     2 ||    49
Dodge: Dodged            |   124 |       ||   124
